General information
			
			
        
        - name: BNet
 
        - type: Ladder 1vs1/FFA
 
        - host: Battle.net
 
        - saver: BEAR_AND
 
        
map: EchoIsles 
        - players: 2
 
        - length: 52:25
 
        - speed: Fast
 - version: 1.22 W3XP
 - replay type:  

 
» download(168 KB)
Players
        team 1 (loser) 
              
              
TheUntouchable0 (
purple | 39 APM | 2020 actions | 52:22)
              
 3 Blademaster 
 1 Mirror Image
 2 Critical Strike
 3 Shadow Hunter 
 2 Healing Wave
 1 Serpent Ward
 2 Tauren Chieftain 
 1 Endurance Aura
 1 War Stomp
 
                » actions 
                
                | Build / train | 110 |  | 
| Enter build submenu | 61 |  | 
| Enter hero's abilities submenu | 8 |  | 
| Remove unit from queue | 7 |  | 
| Right click | 958 |  | 
| Select / deselect | 734 |  | 
| Use ability | 142 |  | 
                2020 total
 » units 
                
                | Peon | 24 |  | 
| Grunt | 13 |  | 
| Kodo Beast | 4 |  | 
| Forest Troll Shadow Priest | 1 |  | 
| Tauren | 4 |  | 
| Demolisher | 18 |  | 
| Wind Rider | 9 |  | 
                73 total
 » upgrades
                
                | Melee Weapons | 3 |  | 
| Armor | 3 |  | 
| Berserker Strength | 1 |  | 
| Spiked Barricades | 3 |  | 
| War Drums Damage Increase | 1 |  | 
| Liquid Fire | 1 |  | 
| Pulverize | 1 |  | 
| Burning Oil | 1 |  | 
| Reinforced Defenses | 1 |  | 
| Envenomed Spears | 1 |  | 
| Ranged Weapons | 1 |  | 
                17 total
 » buildings
                
                | Altar of Storms | 1 |  | 
| Orc Burrow | 17 |  | 
| War Mill | 1 |  | 
| Barracks | 2 |  | 
| Stronghold | 1 |  | 
| Watch Tower | 22 |  | 
| Fortress | 1 |  | 
| Beastiary | 1 |  | 
| Tauren Totem | 1 |  | 
| Voodoo Lounge | 1 |  | 
| Great Hall | 1 |  | 
                49 total
 » build order
                00:11 Altar of Storms
00:25 Orc Burrow
00:42 War Mill
01:16 Barracks
01:44 Orc Burrow
03:15 Stronghold
04:58 Watch Tower
06:08 Orc Burrow
06:10 Fortress
07:40 Beastiary
08:14 Orc Burrow
11:38 Tauren Totem
12:18 Orc Burrow
12:51 Voodoo Lounge
13:05 Orc Burrow
17:32 Orc Burrow
17:47 Watch Tower
19:13 Orc Burrow
20:11 Great Hall
20:57 Watch Tower
21:18 Orc Burrow
22:56 Orc Burrow
24:32 Orc Burrow
24:41 Orc Burrow
25:12 Orc Burrow
26:24 Orc Burrow
27:13 Watch Tower
29:49 Watch Tower
32:00 Watch Tower
32:05 Watch Tower
32:25 Watch Tower
33:01 Watch Tower
33:06 Watch Tower
33:34 Watch Tower
33:53 Watch Tower
34:02 Orc Burrow
35:14 Watch Tower
35:22 Orc Burrow
36:31 Orc Burrow
36:37 Barracks
36:41 Watch Tower
36:49 Watch Tower
37:40 Watch Tower
38:51 Watch Tower
38:55 Watch Tower
40:18 Watch Tower
41:25 Watch Tower
43:22 Watch Tower
45:11 Watch Tower
 
               team 2 (winner) 
              
              
BEAR_AND (
pink | 117 APM | 6113 actions | 52:25)
              
 7 Blood Mage 
 3 Flame Strike
 2 Siphon Mana
 1 Banish
 1 Summon Phoenix
 
                » actions 
                
                | Assign group hotkey | 17 |  | 
| Basic commands | 10 |  | 
| Build / train | 130 |  | 
| ESC pressed | 1 |  | 
| Enter build submenu | 40 |  | 
| Enter hero's abilities submenu | 8 |  | 
| Give item / drop item | 10 |  | 
| Remove unit from queue | 2 |  | 
| Right click | 4358 |  | 
| Select / deselect | 436 |  | 
| Select group hotkey | 726 |  | 
| Use ability | 375 |  | 
                6113 total
 » units 
                
                | Peasant | 13 |  | 
| Priest | 1 |  | 
| Sorceress | 1 |  | 
                15 total
 » upgrades
                
                | Masonry | 3 |  | 
| Lumber Harvesting | 2 |  | 
| Magic Sentry | 1 |  | 
| Priest Training | 2 |  | 
| Sorceress Training | 1 |  | 
| Backpack | 1 |  | 
                10 total
 » buildings
                
                | Altar of Kings | 1 |  | 
| Farm | 4 |  | 
| Lumber Mill | 1 |  | 
| Scout Tower | 46 |  | 
| Arcane Tower | 7 |  | 
| Guard Tower | 30 |  | 
| Arcane Vault | 3 |  | 
| Keep | 2 |  | 
| Arcane Sanctum | 1 |  | 
| Castle | 1 |  | 
| Town Hall | 1 |  | 
                97 total
 » build order
                00:19 Altar of Kings
00:34 Farm
01:05 Lumber Mill
01:09 Farm
01:14 Farm
01:16 Scout Tower
01:38 Scout Tower
01:42 Arcane Tower
01:42 Arcane Tower
01:43 Arcane Tower
02:05 Guard Tower
02:06 Scout Tower
02:38 Guard Tower
02:39 Scout Tower
02:39 Scout Tower
03:11 Guard Tower
03:41 Guard Tower
03:42 Scout Tower
03:43 Scout Tower
03:44 Scout Tower
04:34 Guard Tower
04:35 Guard Tower
04:38 Arcane Vault
04:40 Arcane Vault
04:51 Keep
05:08 Guard Tower
05:09 Scout Tower
05:32 Scout Tower
05:44 Arcane Tower
06:03 Arcane Tower
06:10 Scout Tower
06:11 Scout Tower
06:12 Scout Tower
06:28 Farm
07:12 Guard Tower
07:16 Arcane Sanctum
08:14 Guard Tower
10:23 Scout Tower
10:23 Scout Tower
10:24 Scout Tower
10:24 Scout Tower
10:24 Scout Tower
10:25 Scout Tower
10:25 Scout Tower
10:26 Scout Tower
10:26 Scout Tower
10:50 Guard Tower
10:51 Arcane Tower
10:51 Guard Tower
10:52 Guard Tower
10:53 Guard Tower
10:53 Guard Tower
11:16 Castle
11:24 Guard Tower
11:37 Town Hall
11:47 Guard Tower
12:03 Scout Tower
12:06 Scout Tower
12:07 Scout Tower
12:08 Scout Tower
12:42 Arcane Tower
13:08 Guard Tower
13:41 Guard Tower
13:50 Scout Tower
13:51 Scout Tower
13:52 Scout Tower
13:53 Scout Tower
13:55 Scout Tower
13:56 Scout Tower
13:57 Scout Tower
13:59 Scout Tower
14:00 Scout Tower
14:01 Scout Tower
14:26 Guard Tower
14:27 Scout Tower
14:29 Scout Tower
14:30 Scout Tower
14:50 Guard Tower
14:56 Guard Tower
15:31 Guard Tower
15:37 Scout Tower
15:38 Scout Tower
15:39 Scout Tower
15:39 Scout Tower
15:44 Guard Tower
15:48 Guard Tower
16:15 Guard Tower
16:17 Guard Tower
17:32 Guard Tower
17:42 Guard Tower
18:21 Guard Tower
18:31 Guard Tower
30:52 Arcane Vault
50:38 Scout Tower
50:39 Scout Tower
» items
                
                | Boots of Speed | 1 |  | 
| Staff of Teleportation | 1 |  | 
| Scroll of Regeneration | 2 |  | 
| Lesser Clarity Potion | 39 |  | 
| Potion of Healing | 8 |  | 
| Potion of Lesser Invulnerability | 1 |  | 
                52 total
  
                Chat log
          
(30:31 / All) BEAR_AND: towers....
(31:17 / All) BEAR_AND: hey
(31:39 / All) BEAR_AND: you enjoying this taste of towers......a delicacy served best by clan towa
(31:44 / All) BEAR_AND: sponsored by http://highper.ch/
(33:52 / All) BEAR_AND: hey now, don't go losing ALL your units
(36:40 / All) BEAR_AND: you speak english?
(38:23 / All) BEAR_AND: hey? hello?
(39:27 / All) BEAR_AND: careful,
(52:19 / All) TheUntouchable0: boring